 Dungeon Crawl Stone Soup version 0.22.1-1-ga44c0e5 (webtiles) character file.

2880 Lavandula the Cleaver (level 9, 75/75 HPs)
             Began as a Centaur Berserker on Oct 29, 2018.
             Was a Priest of Trog.
             Quit the game on level 12 of the Dungeon.
             The game lasted 00:17:04 (3975 turns).

Lavandula the Cleaver (Centaur Berserker)           Turns: 3975, Time: 00:17:04

Health: 75/75      AC:  8    Str: 24    XL:     9   Next: 48%
Magic:  9/9        EV: 13    Int:  6    God:    Trog [***...]
Gold:   392        SH:  0    Dex:  8    Spells: 8/8 levels left

rFire    . . .     SeeInvis .   f - +0 spear (vamp)
rCold    . . .     Gourm    .   (no shield)
rNeg     . . .     Faith    .   h - +0 ring mail
rPois    .         Spirit   .   (no helmet)
rElec    .         Reflect  .   y - +2 cloak
rCorr    .         Harm     .   (no gloves)
MR       .....                  (no barding)
Stlth    ..........             (no amulet)
HPRegen  0.22/turn              v - +4 ring of evasion
MPRegen  0.11/turn              (no ring)

@: berserk cooldown, very quick
A: large, hooves 3, deformed body, speed 2, tough skin 3
a: Berserk, Trog's Hand, Renounce Religion


You were on level 12 of the Dungeon.
You worshipped Trog.
Trog was most pleased with you.
You were near starving.

You visited 1 branch of the dungeon, and saw 12 of its levels.

You collected 392 gold pieces.

Inventory:

Hand Weapons
 a - a +0 hand axe
 f - a +0 vampiric spear (weapon)
 A - a +0 hunting sling
 D - a +0 war axe
Missiles
 k - 74 stones
 l - 78 sling bullets
 x - 7 javelins (quivered)
Armour
 b - a +0 animal skin
 h - a +0 ring mail (worn)
 y - a +2 cloak (worn)
Magical Staves
 s - an uncursed staff of air {unknown}
Jewellery
 v - a +4 ring of evasion (left hand)
Wands
 C - a wand of paralysis (26)
Scrolls
 d - 5 scrolls of remove curse
 e - 2 scrolls of teleportation
 g - 2 scrolls of random uselessness
 i - 2 scrolls of enchant armour
 n - a scroll of immolation
 o - 3 scrolls of fog
 p - 2 scrolls of magic mapping {unknown}
 z - a scroll of noise {unknown}
 E - a scroll of enchant weapon {unknown}
Potions
 j - 2 potions of curing
 m - a potion of resistance {unknown}
 q - a potion of degeneration {unknown}
 r - 5 potions of haste
 t - a potion of brilliance {unknown}
 u - a potion of magic {unknown}
 w - a potion of ambrosia {unknown}
 B - a potion of flight {unknown}
 F - 2 potions of berserk rage {unknown}
Comestibles
 c - 12 rations


   Skills:
 - Level 6.3 Fighting
 + Level 11.1 Axes
 - Level 1.3 Armour
 - Level 1.3 Dodging


You had 8 spell levels left.
You didn't know any spells.
Your spell library was empty.

Dungeon Overview and Level Annotations

Branches:
Dungeon (12/15)            Temple (0/1) D:4
   Lair: D:8-11         Orc: D:9-12

Altars:
Elyvilon
Fedhas
Gozag
Hepliaklqana
Kikubaaqudgha
Qazlal
Trog


Innate Abilities, Weirdness & Mutations

You have hooves in place of feet.
Armour fits poorly on your strangely shaped body.
You cover ground very quickly.
You have extremely tough skin. (AC +3)


Message History

You hit the sky beast. Your kick misses the sky beast.
The sky beast is moderately wounded.
The sky beast barely misses you.
You closely miss the sky beast.
The sky beast is moderately wounded.
The sky beast hits you but does no damage.
You hit the sky beast but do no damage.
The sky beast is moderately wounded.
The sky beast hits you but does no damage.
You hit the sky beast. Your kick misses the sky beast.
The sky beast is moderately wounded.
The sky beast barely misses you.
You hit the sky beast. Your kick misses the sky beast.
The sky beast is heavily wounded.
You feel yourself speed up.
The sky beast flickers out of sight!
Deactivating autopickup; reactivate with Ctrl-A.
Something hits you but does no damage.
No target in view!
Are you sure you want to abandon this character and quit the game? (Confirm

#... #...
#.Y##########
#..#........#
#..#........#
...####..#...<....#
......!..#........#
#####....###'##+###..
#.......{@.......
#......#######...
#......# #####..#
#..# #..# #... #.?.
#...


There were no monsters in sight!

Vanquished Creatures
  A kobold demonologist (D:11)
  The ghost of Ymberto the Changer, an amateur OpTm (D:3)
  Sigmund (D:2)
  A wyvern (D:8)
  Menkaure (D:5)
  2 ice beasts (D:6)
  2 orc warriors
  A sky beast (D:6)
  An ogre (D:5)
  2 centaurs (D:8)
  A big kobold (D:8)
  3 bullfrogs
  A wyvern zombie (D:7)
  2 scorpions (D:8)
  2 killer bees (D:7)
  2 howler monkeys
  5 crimson imps
  A hound (D:8)
  2 centaur skeletons
  An orc priest (D:8)
  2 orc wizards
  3 iguanas
  4 worker ants
  A hound zombie (D:6)
  2 worker ant zombies
  4 gnolls (D:6)
  7 adders
  3 shadow imps
  An adder skeleton (D:5)
  2 adder zombies (D:6)
  2 worms (D:2)
  A dart slug (D:2)
  5 leopard geckos
  12 orcs
  5 bats
  5 giant cockroaches
  3 goblins
  6 hobgoblins
  14 jackals
  4 quokkas
  2 ball pythons
  A frilled lizard (D:2)
  A jackal zombie (D:6)
  4 kobolds
  4 leopard gecko skeletons
  8 rats
139 creatures vanquished.

Notes
Turn   | Place    | Note
-------+----------+-------------------------------------------
     0 | D:1      | Lavandula the Centaur Berserker began the quest for the
                  | Orb.
     0 | D:1      | Reached XP level 1. HP: 19/19 MP: 1/1
    71 | D:1      | Reached skill level 3 in Axes
   141 | D:1      | Reached XP level 2. HP: 15/26 MP: 2/2
   353 | D:2      | Reached XP level 3. HP: 26/31 MP: 3/3
   419 | D:2      | Reached skill level 4 in Axes
   528 | D:2      | Noticed Sigmund
   553 | D:2      | Killed Sigmund
   553 | D:2      | Reached ** piety under Trog
   553 | D:2      | Reached skill level 5 in Axes
   553 | D:2      | Reached XP level 4. HP: 38/38 MP: 4/4
   553 | D:2      | Reached XP level 5. HP: 45/45 MP: 5/5
   824 | D:3      | Reached skill level 6 in Axes
  1048 | D:3      | Found a runed door.
  1056 | D:3      | Noticed Ymberto's ghost (amateur OpTm)
  1066 | D:3      | Killed Ymberto's ghost
  1066 | D:3      | Reached XP level 6. HP: 51/51 MP: 6/6
  1164 | D:4      | Found a staircase to the Ecumenical Temple.
  1177 | D:4      | Reached skill level 7 in Axes
  1273 | D:5      | Entered Level 5 of the Dungeon
  1378 | D:5      | Found a white marble altar of Elyvilon.
  1408 | D:5      | Found an opulent altar of Gozag.
  1409 | D:5      | Found a stormy altar of Qazlal.
  1417 | D:5      | Reached XP level 7. HP: 56/57 MP: 7/7
  1427 | D:5      | Found a bloodstained altar of Trog.
  1428 | D:5      | Found a hazy altar of Hepliaklqana.
  1428 | D:5      | Found a blossoming altar of Fedhas.
  1976 | D:6      | Reached skill level 5 in Fighting
  2068 | D:6      | Reached XP level 8. HP: 35/70 MP: 8/8
  2198 | D:6      | Noticed a hornet
  2213 | D:6      | HP: 3/70 [poisoned by a hornet]
  2215 | D:6      | Paralysed by a hornet for 1 turns
  2249 | D:6      | Found an ancient bone altar of Kikubaaqudgha.
  2363 | D:5      | Noticed Menkaure
  2382 | D:5      | Killed Menkaure
  2382 | D:5      | Reached skill level 8 in Axes
  2775 | D:7      | Reached *** piety under Trog
  2793 | D:7      | Reached skill level 9 in Axes
  3195 | D:8      | Reached skill level 10 in Axes
  3195 | D:8      | Reached XP level 9. HP: 51/75 MP: 9/9
  3580 | D:10     | Entered Level 10 of the Dungeon
  3920 | D:11     | Noticed a kobold demonologist
  3931 | D:11     | Noticed a hellwing
  3933 | D:11     | Killed a kobold demonologist
  3933 | D:11     | Reached skill level 11 in Axes
  3975 | D:12     | Quit the game

Skill      XL: |  1  2  3  4  5  6  7  8  9 |
---------------+----------------------------+-----
Axes           | 3 5 6 7 10 11 | 11.1
Fighting       | 6 |  6.3
Armour         | |  1.3
Dodging        | |  1.3

Action                   |  1- 3 |  4- 6 |  7- 9 || total
-------------------------+-------+-------+-------++-------
Melee: Hand axe          |    11 |       |       ||    11
       Kick              |    12 |    22 |    89 ||   123
       Spear             |    84 |    99 |   473 ||   656
Throw: Stone             |       |       |    13 ||    13
       Javelin           |       |       |     4 ||     4
Invok: Berserk           |     2 |     1 |     9 ||    12
       Trog's Hand       |       |       |     4 ||     4
  Use: Scroll            |       |     7 |     7 ||    14
       Potion            |       |       |     3 ||     3
  Eat: Ration            |     1 |       |     1 ||     2
       Chunk             |       |     5 |    11 ||    16
Armor: Animal skin       |     1 |       |       ||     1
       Ring mail         |    37 |    32 |   113 ||   182
Dodge: Dodged            |    21 |    51 |   184 ||   256
